 Dungeon Crawl Stone Soup version 0.23.1 (webtiles) character file.

Game seed: 16469829336890263843

357 Borgoz the Sneak (level 6, -4/48 HPs)
             Began as a Ghoul Enchanter on Mar 3, 2019.
             Slain by a phantom (5 damage)
             ... on level 4 of the Dungeon.
             The game lasted 00:05:49 (3364 turns).

Borgoz the Sneak (Ghoul Enchanter)                  Turns: 3364, Time: 00:05:50

Health: -4/48      AC:  3    Str: 17    XL:     6   Next: 64%
Magic:  0/8        EV: 13    Int: 10    God:
Gold:   187        SH:  0    Dex: 11    Spells: 8/9 levels left

rFire    . . .     SeeInvis .   c - +1 dagger (drain)
rCold    + . .     Gourm    .   (no shield)
rNeg     + + +     Faith    .   b - +0 robe
rPois    ∞         Spirit   +   (no helmet)
rElec    .         Reflect  .   k - +0 cloak
rCorr    .         Harm     .   (no gloves)
MR       .....                  (no boots)
Stlth    +++.......             g - amulet of guardian spirit
HPRegen  0.00/turn              (no ring)
MPRegen  0.11/turn              (no ring)

@: mighty, rotting
A: rotting body, claws 1, carnivore, cold resistance 1, negative energy
resistance 3, inhibited regeneration, torment resistance, unbreathing
a: no special abilities


You were on level 4 of the Dungeon.
You were not hungry.

You visited 1 branch of the dungeon, and saw 4 of its levels.

You collected 187 gold pieces.

Inventory:

Hand Weapons
 c - a +1 dagger of draining (weapon)
Missiles
 l - 14 poisoned needles
Armour
 b - a +0 robe (worn)
 e - a +0 helmet
 j - a cursed +0 leather armour
 k - a +0 cloak (worn)
Jewellery
 g - an amulet of guardian spirit (around neck)
Scrolls
 h - 2 scrolls of fog
 i - a scroll of amnesia
Potions
 a - a potion of resistance
 m - a potion of haste
 r - a potion of brilliance
Comestibles
 d - 7 rations


   Skills:
 + Level 1.9 Fighting
 + Level 3.1 Short Blades
 + Level 3.0 Dodging
 + Level 5.2 Stealth
 + Level 2.0 Spellcasting
 + Level 3.1 Hexes


You had 8 spell levels left.
You knew the following spells:

 Your Spells              Type           Power        Failure   Level  Hunger
a - Corona                Hex            #......      9%          1    ##.....

Your spell library contained the following spells:

 Spells                   Type           Power        Failure   Level  Hunger
 Ensorcelled Hibernation  Hex/Ice        #.....       26%         2    ###....
 Confuse                  Hex            #.......     26%         3    ####...
 Tukima's Dance           Hex            #.......     26%         3    ####...
 Dazzling Spray           Conj/Hex       #.....       45%         3    ####...


Dungeon Overview and Level Annotations

Branches:
Dungeon (4/15)
 Temple: D:4-7

Altars:
Cheibriados
Fedhas
Ru
The Shining One


Innate Abilities, Weirdness & Mutations

Your body is rotting away.
You thrive on raw meat.
You are immune to poison.
You have sharp fingernails.
You are carnivorous and can eat meat at any time.
Your flesh is cold resistant. (rC+)
You are immune to negative energy. (rN+++)
You do not regenerate when monsters are visible.
You are immune to unholy pain and torment.
You can survive without breathing.


Message History

The phantom is lightly damaged.
The phantom hits you.
* * * LOW HITPOINT WARNING * * *
You barely miss the phantom.
The phantom is lightly damaged.
The phantom hits you.
* * * LOW HITPOINT WARNING * * *
The phantom blinks!
The phantom blinks!
You miss the phantom.
The phantom is lightly damaged.
The phantom hits you!
* * * LOW HITPOINT WARNING * * *
You completely miss the phantom.
The phantom is lightly damaged.
The phantom barely misses you.
You puncture the phantom!
The phantom is moderately damaged.
The phantom hits you.
You die...

#.........#####
#.#.........# ##
#.##........#
#.##....#...#
#.##.#..#####
#.##.#.##...
#.#..#....##
#####.W.........
#.....@...#####.
#.........#
#.........#
###########


You could see a phantom.

Vanquished Creatures
  An ogre (D:3)
  An orc priest (D:4)
  An orc wizard (D:4)
  A bullfrog skeleton (D:4)
  A worker ant (D:4)
  7 adders
  2 oozes (D:2)
  3 dart slugs (D:3)
  2 worms
  3 leopard geckos
  10 orcs
  8 bats
  A giant cockroach (D:3)
  4 goblins
  7 hobgoblins
  2 jackals (D:2)
  2 quokkas
  6 frilled lizards
  6 kobolds
  7 rats
75 creatures vanquished.

Notes
Turn   | Place    | Note
-------+----------+-------------------------------------------
     0 | D:1      | Borgoz the Ghoul Enchanter began the quest for the Orb.
     0 | D:1      | Reached XP level 1. HP: 14/14 MP: 2/2
   619 | D:1      | Reached XP level 2. HP: 19/19 MP: 3/3
   656 | D:1      | Reached skill level 1 in Short Blades
  1222 | D:2      | Reached XP level 3. HP: 26/26 MP: 4/4
  1244 | D:2      | Reached skill level 4 in Stealth
  1364 | D:2      | Reached XP level 4. HP: 15/34 MP: 3/5
  1543 | D:2      | Found a sacrificial altar of Ru.
  1543 | D:2      | Found a snail-covered altar of Cheibriados.
  1673 | D:3      | Noticed an ogre
  1687 | D:3      | Killed an ogre
  1687 | D:3      | Reached skill level 1 in Fighting
  1687 | D:3      | Reached XP level 5. HP: 11/40 MP: 2/7
  1912 | D:3      | Found a blossoming altar of Fedhas.
  2125 | D:3      | Found a faded altar of an unknown god.
  2637 | D:3      | Reached XP level 6. HP: 24/47 MP: 4/8
  2924 | D:4      | Reached skill level 5 in Stealth
  2942 | D:4      | Noticed a phantom
  3246 | D:4      | Found a glowing golden altar of the Shining One.
  3362 | D:4      | HP: 1/48 [phantom (6)]
  3364 | D:4      | Slain by a phantom

Skill      XL: |  1  2  3  4  5  6 |
---------------+-------------------+-----
Short Blades   | 1 2 3 |  3.1
Stealth        | 4 5 |  5.2
Dodging        | 2 3 |  3.0
Hexes          | 3 |  3.1
Fighting       | 1 |  1.9
Spellcasting   | 2 |  2.0

Action                   |  1- 3 |  4- 6 || total
-------------------------+-------+-------++-------
Melee: Dagger            |    94 |   231 ||   325
 Cast: Corona            |       |     1 ||     1
  Use: Potion            |       |     6 ||     6
       Scroll            |       |     7 ||     7
 Stab: Sleeping          |     3 |     8 ||    11
       Distracted        |       |     1 ||     1
  Eat: Chunk             |     4 |    18 ||    22
Armor: Robe              |    24 |    45 ||    69
Dodge: Dodged            |    52 |   138 ||   190
